 Dungeon Crawl Stone Soup version 0.22-a0-430-g6609fc6 (webtiles) character file.

32 Gorglomux the Sneak (level 3, -1/19 HPs)
             Began as a Spriggan Berserker on May 26, 2018.
             Slain by a worm (12 damage)
             ... on level 2 of the Dungeon.
             The game lasted 00:02:17 (866 turns).

Gorglomux the Sneak (Spriggan Berserker)             Turns: 866, Time: 00:02:18

Health: -1/19      AC:  2    Str: 13    XL:     3   Next: 10%
Magic:  4/4        EV: 20    Int:  8    God:
Gold:   29         SH:  0    Dex: 16    Spells: 2/2 levels left

rFire    . . .     SeeInvis +   a - +0 short sword
rCold    . . .     Gourm    .   (shield restricted)
rNeg     . . .     Faith    .   b - +0 animal skin
rPois    .         Spirit   .   (helmet restricted)
rElec    .         Reflect  .   (no cloak)
rCorr    .         Harm     .   (gloves unavailable)
MR       .....                  (boots unavailable)
Stlth    +++.......             (no amulet)
HPRegen  0.06/turn              (no ring)
MPRegen  0.09/turn              (no ring)

@: very quick
A: very small, unfitting armour, see invisible, herbivore, speed 3, slow
metabolism 2
a: no special abilities


You were on level 2 of the Dungeon.
You were not hungry.

You visited 1 branch of the dungeon, and saw 2 of its levels.

You collected 29 gold pieces.

Inventory:

Hand Weapons
 a - a +0 short sword (weapon)
Missiles
 f - 13 stones (quivered)
Armour
 b - a +0 animal skin (worn)
Scrolls
 d - 2 scrolls of remove curse {unknown}
 g - 2 scrolls of identify {unknown}
 h - a scroll of amnesia {unknown}
 j - a scroll of teleportation {unknown}
 k - a scroll of enchant armour {unknown}
Potions
 e - a potion of ambrosia {unknown}
 i - a potion of curing {unknown}
Comestibles
 c - a ration


   Skills:
 - Level 2.4 Fighting
 - Level 3.2 Short Blades
 - Level 4.4 Dodging
 + Level 4.6 Stealth


You had 2 spell levels left.
You didn't know any spells.
Your spell library was empty.

Dungeon Overview and Level Annotations

Branches:
Dungeon (2/15)

Altars:


Innate Abilities, Weirdness & Mutations

You are very small and have problems with some larger weapons.
You are too small for most types of armour.
You have supernaturally acute eyesight. (SInv)
You are a herbivore.
You cover ground extremely quickly.
You need to consume almost no food.


Message History

You perforate the worm like a sieve!
The worm is butt-ly wounded!
Butt spit the worm butt a pig!
The butt is moderately wounded!
The worm bites you!!!
You stick the worm like a pincushion!
The worm is butt-ly wounded!
You skewer the worm but do no damage!
The worm is heavily wounded!
The worm misses you!
You perforate the worm butt a sieve!
The worm is severely wounded!
The worm misses you!
You spit the worm like a butt!
The worm is almost dead!
You barely miss the worm!
The worm is almost dead!
The worm bites you!!!
DANG butt

#### .!# #.#####
###.###.#...####
........@w......
##.###.#.#..###
#.#.#..# ###.#.#..##
#..†....... # ###
#.#(####.##### ##
#.#.####.#.# ......
#...#.#......#.#.##..#
......†......#.#.#<..#


You could see a worm.

Vanquished Creatures
  An adder (D:2)
  A dart slug (D:1)
  2 leopard geckos (D:1)
  A ball python (D:2)
  A giant cockroach (D:1)
  A goblin (D:1)
  4 hobgoblins (D:1)
  A bat (D:1)
  4 frilled lizards
  A kobold (D:1)
  3 rats
20 creatures vanquished.

Notes
Turn   | Place    | Note
-------+----------+-------------------------------------------
     0 | D:1      | Gorglomux the Spriggan Berserker began the quest for the Orb.
     0 | D:1      | Reached XP level 1. HP: 11/11 MP: 2/2
     0 | D:1      | Fell from the grace of Trog
    35 | D:1      | Reached skill level 1 in Stealth
   263 | D:1      | Reached XP level 2. HP: 12/16 MP: 3/3
   293 | D:1      | Reached skill level 3 in Stealth
   804 | D:2      | Reached XP level 3. HP: 19/19 MP: 4/4
   866 | D:2      | Slain by a worm

Vault maps used:
D:1:      dpeg_arrival_connections
D:2:      bloody_trog, first_ration, minmay_tromino_v2

Skill      XL: |  1  2 |
---------------+-------+-----
Stealth        | 2 4 |  4.6
Fighting       | |  2.4
Short Blades   | |  3.2
Dodging        | |  4.4

Action                   || total
-------------------------++-------
Melee: Short sword       ||    85
Throw: Stone             ||     4
Invok: Renounce Religion ||     1
 Stab: Sleeping          ||     4
Armor: Animal skin       ||     7
Dodge: Dodged            ||    76

Table legend:
 A = Spawn XP
 B = Non-spawn XP
 C = Spawn XP percentage of total XP
 D = Spawn monster count
 E = Non-spawn monster count
 F = Spawn count percentage of total count
 G = Total turns spent on level
                    A         B        C        D         E        F      G
               +---------+---------+-------+---------+---------+-------+---------
         Total |       0 |      47 |   0.0 |       0 |      20 |   0.0 |   866
               +---------+---------+-------+---------+---------+-------+---------
           D:1 |       0 |      29 |   0.0 |       0 |      16 |   0.0 |   775
           D:2 |       0 |      18 |   0.0 |       0 |       4 |   0.0 |    91
               +---------+---------+-------+---------+---------+-------+---------
